 Dungeon Crawl Stone Soup version 0.23.0 (webtiles) character file.

Game seed: 12699539410416305687

82 Monsterracer the Grasshopper (level 4, 21/21 HPs)
             Began as a Felid Warper on Feb 16, 2019.
             Quit the game on level 2 of the Dungeon.
             The game lasted 00:04:13 (3374 turns).

Monsterracer the Grasshopper (Felid Warper)         Turns: 3374, Time: 00:04:14

Health: 21/21      AC:  2    Str:  7    XL:     4   Next: 21%
Magic:  8/8        EV: 19    Int: 15    God:
Gold:   117        SH:  0    Dex: 16    Spells: 5/7 levels left
                                        Lives:  0   Deaths: 1

rFire    . . .     SeeInvis +     - Unarmed
rCold    . . .     Gourm    .   (shield unavailable)
rNeg     + . .     Faith    .   (armour unavailable)
rPois    .         Spirit   .   (helmet unavailable)
rElec    .         Reflect  .   (cloak unavailable)
rCorr    .         Harm     .   (gloves unavailable)
MR       .....                  (boots unavailable)
Stlth    ++........             e - amulet of the acrobat
HPRegen  0.07/turn              h - +1 ring of protection
MPRegen  0.11/turn              i - ring of positive energy

@: quick
A: very small, no armour, no weapons or thrown items, stealth, claws 1, fangs 3,
see invisible, carnivore, speed 1, shaggy fur 1, slow metabolism 1, sharp paws
a: no special abilities


You were on level 2 of the Dungeon.
You were not hungry.

You visited 1 branch of the dungeon, and saw 2 of its levels.

You collected 117 gold pieces.

Inventory:

Jewellery
 e - an amulet of the acrobat (around neck)
 h - a +1 ring of protection (left paw)
 i - a ring of positive energy (right paw)
Scrolls
 b - a scroll of enchant armour {unknown}
 d - 2 scrolls of fog {unknown}
 j - a scroll of identify {unknown}
 m - a scroll of teleportation {unknown}
 o - a scroll of amnesia {unknown}
 X - a scroll of blinking
Potions
 a - a potion of flight {unknown}
 g - a potion of might {unknown}
 k - 2 potions of agility
 l - a potion of haste {unknown}
Comestibles
 c - 4 rations
 n - 2 chunks of flesh


   Skills:
 + Level 3.3 Fighting
 + Level 3.7 Dodging
 + Level 1.1 Stealth
 * Level 4.4 Unarmed Combat
 - Level 2.0 Spellcasting
 - Level 4.4 Translocations


You had 5 spell levels left.
You knew the following spells:

 Your Spells              Type           Power        Failure   Level  Hunger
e - Blink                 Tloc           N/A          5%          2    ###....

Your spell library contained the following spells:

 Spells                   Type           Power        Failure   Level  Hunger
 Gell's Gravitas          Tloc           ##........   11%         3    ###....
 Lesser Beckoning         Tloc           ##........   11%         3    ###....
 Teleport Other           Tloc           ##......     11%         3    ###....
 Shroud of Golubria       Chrm/Tloc      #.........   14%         2    ###....
 Passage of Golubria      Tloc           N/A          36%         4    #####..


Dungeon Overview and Level Annotations

Branches:
Dungeon (2/15)

Altars:
Cheibriados
Fedhas
Gozag
Sif Muna
Vehumet
Yredelemnul
Zin
The Shining One

Annotations:
D:2 Natasha, Sigmund


Innate Abilities, Weirdness & Mutations

You cannot wear armour.
You are incapable of wielding weapons or throwing items.
Your paws allow you to move quietly. (Stealth)
You have sharp claws.
You have razor-sharp teeth.
You have supernaturally acute eyesight. (SInv)
You are carnivorous and can eat meat at any time.
You cover ground quickly.
You are covered in fur. (AC +1)
You have a slow metabolism.
Your sharp claws are effective at attacking unaware monsters.


Message History

The gnoll barely misses you.
You scratch the gnoll but do no damage.
The gnoll is lightly wounded.
The gnoll hits you with a +0 spear.
You take 2 damage, and have 22/24 hp.
You barely miss the gnoll. The gnoll completely misses you.
You barely miss the gnoll. The gnoll hits you with a +0 spear.
You take 4 damage, and have 18/24 hp.
You scratch the gnoll.
The gnoll is lightly wounded.
The gnoll hits you with a +0 spear.
You take 4 damage, and have 14/24 hp.
You are too injured to fight recklessly!
You scratch the gnoll but do no damage.
The gnoll is lightly wounded.
The gnoll misses you.
You scratch the gnoll.
The gnoll is moderately wounded.
The gnoll completely misses you.
You claw the gnoll!
The gnoll is severely wounded.
The gnoll misses you.
You claw the gnoll!
You kill the gnoll!
Things that are here:
a +0 spear; a gnoll corpse Sigmund is too close now for your liking.
You regained 3 hp, and now have 17/24 hp.
Sigmund is nearby!
Casting: Blink (safe; 5% risk of failure)
Confirm with . or Enter, or press ? or * to list all spells.
You don't know that spell.
You start resting.
Sigmund is too close now for your liking.
You regained 3 hp, and now have 20/24 hp.
Sigmund is nearby!
Sigmund shouts!
Sigmund completely misses you.
You scratch Sigmund.
Sigmund is lightly wounded.
You scratch Sigmund.
Sigmund is moderately wounded.
Sigmund barely misses you.
You scratch Sigmund but do no damage.
Sigmund is moderately wounded.
Sigmund hits you but does no damage.
You barely miss Sigmund. You bite Sigmund.
Sigmund is moderately wounded.
You scratch Sigmund. You bite Sigmund, but do no damage.
Sigmund is heavily wounded.
Sigmund misses you.
You claw Sigmund!
Sigmund is severely wounded.
You scratch Sigmund.
Sigmund is severely wounded.
Sigmund casts a spell at you. The puff of flame hits you.
You take 5 damage, and have 16/24 hp.
MASSIVE DAMAGE!!
You closely miss Sigmund.
Sigmund is severely wounded.
Sigmund closely misses you.
You scratch Sigmund but do no damage.
Sigmund is severely wounded.
Sigmund points at you and mumbles some strange words.
You are confused.
Sigmund drinks a potion.
Sigmund is healed!
Sigmund casts a spell at you. The puff of flame hits you!
* * * LOW HITPOINT WARNING * * *
You take 11 damage, and have 5/24 hp.
MASSIVE DAMAGE!!
Unknown command.
You're too confused to move!
Sigmund closely misses you.
You feel better. Sigmund barely misses you.
You regained 5 hp, and now have 10/24 hp.
You closely miss Sigmund.
Sigmund is heavily wounded.
You scratch Sigmund.
Sigmund is severely wounded.
Sigmund gestures at you while chanting. The magic dart hits you!
* * * LOW HITPOINT WARNING * * *
You take 10 damage, and have 1/24 hp.
MASSIVE DAMAGE!!
You scratch Sigmund but do no damage.
Sigmund is severely wounded.
Sigmund misses you.
You scratch Sigmund but do no damage. Your bite misses Sigmund.
Sigmund is severely wounded.
You closely miss Sigmund.
Sigmund is severely wounded.
Sigmund completely misses you.
You scratch Sigmund.
Sigmund is almost dead.
Sigmund gestures at you while chanting. The magic dart hits you.
You die...
You are now level 4!
You rejoin the land of the living...
Health restored: 21 You now have 8/8 mp.
Are you sure you want to abandon this character and quit the game? (Confirm with "yes".)

#...### ###.....# ##....#
#.......# ###...# ###.#.....#
......# ####......####
......######.....#####
.............##"##
.....#.#.....##.# ###
.....#.....#.##.#### #.#
>....#####......@..## ##.#
.....# ##########..## ##..#
.....####_#_###_##...# #...#
######8.#.#.#.#._##..#
###..##
..##.............##..###....#
#.##............_##.........#
#.....8.#.#.#.#.⌠##.........#
####..#####_#_#_####........#
#..# ########..).......#


There were no monsters in sight!

Vanquished Creatures
  Terence (D:2)
  Natasha (D:2)
  2 adders (D:1)
  3 gnolls
  2 oozes (D:2)
  A dart slug (D:1)
  2 leopard geckos (D:1)
  2 giant cockroaches
  7 goblins
  5 hobgoblins
  6 jackals
  5 kobolds
  9 bats
  3 frilled lizards (D:2)
  4 rats (D:1)
53 creatures vanquished.

Notes
Turn   | Place    | Note
-------+----------+-------------------------------------------
     0 | D:1      | Monsterracer the Felid Warper began the quest for the Orb.
     0 | D:1      | Reached XP level 1. HP: 9/9 MP: 4/4
    32 | D:1      | HP: 4/9 [kobold (1)]
   215 | D:1      | Reached XP level 2. HP: 8/13 MP: 6/6
   402 | D:1      | HP: 6/13 [kobold/+0 whip (5)]
   647 | D:1      | HP: 2/13 [hobgoblin/+0 club (6)]
  1068 | D:1      | Reached XP level 3. HP: 16/16 MP: 7/7
  1072 | D:1      | Learned a level 2 spell: Blink
  1355 | D:2      | Noticed Sigmund
  1369 | D:1      | HP: 8/16 [poisoned by an adder]
  1374 | D:1      | HP: 5/16 [poisoned by an adder]
  1382 | D:1      | HP: 4/16 [poisoned by an adder]
  1697 | D:2      | Noticed Terence
  1729 | D:2      | Killed Terence
  1729 | D:2      | Reached XP level 4. HP: 18/20 MP: 8/8
  1821 | D:2      | HP: 8/21 [gnoll (6)]
  2048 | D:1      | HP: 10/21 [gnoll (4)]
  2441 | D:2      | Noticed Natasha
  2451 | D:2      | HP: 7/21 [Natasha (8)]
  2454 | D:2      | HP: 1/21 [Natasha/magic dart (6)]
  2456 | D:2      | Killed Natasha
  2473 | D:2      | HP: 1/21 [bat (1)]
  2776 | D:2      | Reached XP level 5. HP: 24/24 MP: 9/9
  2787 | D:2      | Noticed Natasha
  2820 | D:1      | HP: 10/24 [adder (5)]
  2821 | D:1      | Reached skill level 1 in Stealth
  2826 | D:1      | HP: 7/24 [poisoned by an adder]
  2833 | D:1      | HP: 6/24 [poisoned by an adder]
  2841 | D:1      | HP: 4/24 [poisoned by an adder]
  3161 | D:2      | Found a radiant altar of Vehumet.
  3163 | D:2      | Found a basalt altar of Yredelemnul.
  3163 | D:2      | Found a deep blue altar of Sif Muna.
  3163 | D:2      | Found a blossoming altar of Fedhas.
  3164 | D:2      | Found a glowing silver altar of Zin.
  3166 | D:2      | Found a snail-covered altar of Cheibriados.
  3167 | D:2      | Found a glowing golden altar of the Shining One.
  3168 | D:2      | Found an opulent altar of Gozag.
  3365 | D:2      | HP: 5/24 [Sigmund/puff of flame (11)]
  3369 | D:2      | HP: 1/24 [Sigmund/magic dart (10)]
  3373 | D:2      | Killed from afar by Sigmund
  3374 | D:2      | Reached XP level 4. HP: -4/21 MP: 8/8
  3374 | D:2      | Quit the game

Skill      XL: |  1  2  3  4  5 |
---------------+----------------+-----
Unarmed Combat | 3 4 |  4.4
Fighting       | 3 |  3.3
Stealth        | 1 |  1.1
Dodging        | |  3.7
Spellcasting   | |  2.0
Translocations | |  4.4

Action                   |  1- 3 |  4- 6 || total
-------------------------+-------+-------++-------
Melee: Unarmed           |   112 |   116 ||   228
       Bite              |    13 |     9 ||    22
  Use: Potion            |       |     1 ||     1
 Stab: Sleeping          |       |     2 ||     2
  Eat: Chunk             |     9 |     3 ||    12
Armor: Skin              |     4 |     8 ||    12
Dodge: Dodged            |   111 |    97 ||   208

Levels and vault maps discovered:
D:1:      minmay_arrival_checkered_box, layout_rooms
D:2:      layout_rooms, minitemple, first_ration, minmay_quantized,
          uniq_terence, uniq_natasha, uniq_sigmund
